Map: Ruins of Seras

Players

IIIIIIIIIII

  • Race: Protoss Protoss
  • League: Master

Tang - Winner!

  • Race: Zerg Zerg
  • League: Master

VOD

Have the link to the VOD?

Description

Time

  • Played on: Dec. 29, 2015, 12:35 p.m.
  • Length: 4:35
Show
View Real Time Build Order
Export as new Build Order

IIIIIIIIIII Protoss 

Build Orders: 1 Gate Expand 

Get SALT Encoding   

  12  0:00  Probe (Chrono Boost)  
  13  0:11  Probe (Chrono Boost)  
  14  0:22  Probe (Chrono Boost), Pylon  
  15  0:41  Probe (Chrono Boost)  
  16  0:50  Gateway  
  16  0:51  Probe (Chrono Boost)  
  17  1:00  Assimilator  
  17  1:02  Probe (Chrono Boost)  
  18  1:12  Probe (Chrono Boost)  
  19  1:27  Nexus  
  19  1:28  Probe (Chrono Boost)  
  20  1:37  Cybernetics Core  
  20  1:45  Assimilator  
  20  1:46  Probe (Chrono Boost)  
  21  1:57  Probe (Chrono Boost)  
  21  2:00  Pylon  
  22  2:18  Stalker  
  22  2:19  Mothership Core (Chrono Boost)  
  26  2:29  Pylon  
  26  2:37  Probe (Chrono Boost)  
  26  2:39  Probe (Chrono Boost)  
  26  2:41  Warp Gate  
  28  2:48  Probe (Chrono Boost)  
  28  2:50  Probe (Chrono Boost)  
  30  2:56  Forge  
  31  2:58  Probe (Chrono Boost)  
  31  3:00  Probe (Chrono Boost)  
  32  3:09  Probe (Chrono Boost)  
  32  3:11  Probe (Chrono Boost)  
  34  3:19  Probe (Chrono Boost)  
  35  3:20  Gateway  
  35  3:21  Probe (Chrono Boost)  
  36  3:29  Stargate  
  36  3:30  Probe (Chrono Boost)  
  36  3:31  Stargate  
  36  3:34  Probe (Chrono Boost)  
  38  3:38  Assimilator  
  38  3:44  Photon Cannon  
  38  3:51  Pylon  
  38  3:52  Probe (Chrono Boost)  
  38  3:53  Probe (Chrono Boost)  
  40  3:58  Assimilator  
Show
View Real Time Build Order
Export as new Build Order

Tang Zerg - Winner!

Build Orders: Hatch First 

Get SALT Encoding   

  12  0:01  Drone  
  13  0:12  Overlord  
  13  0:18  Drone  
  14  0:31  Drone x2  
  14  0:34  Drone  
  17  0:55  Hatchery  
  17  0:56  Drone  
  17  0:59  Drone  
  18  1:13  Spawning Pool  
  18  1:17  Extractor  
  18  1:18  Drone  
  17  1:21  Drone  
  18  1:28  Drone  
  19  1:41  Overlord  
  19  2:00  Zergling x4  
  21  2:07  Drone  
  21  2:08  Queen x2  
  26  2:18  Drone x2  
  26  2:19  Metabolic Boost  
  28  2:23  Drone  
  28  2:29  Drone  
  30  2:36  Drone  
  31  2:42  Hatchery  
  30  2:44  Drone  
  30  2:45  Drone  
  32  2:52  Queen  
  32  2:57  Overlord  
  34  2:59  Drone  
  34  3:02  Drone  
  36  3:21  Zergling x2  
  36  3:22  Zergling x14  
  36  3:25  Overlord  
  36  3:26  Overlord  
  44  3:42  Queen x2  
  44  3:43  Drone x3  
  44  3:47  Drone  
  51  3:52  Drone x3  
  51  3:53  Drone x2  
  56  3:56  Drone  
  56  3:58  Drone  
  56  4:01  Drone  
  56  4:02  Drone  
  60  4:10  Drone x2  
Tags
 
Add a new tag
Caveats
  • Supply blocks, unpowered buildings, or Contaminate may cause inaccurate times.
  • Supply counts are checked every 10 seconds.